cohdb
Replays
Latest Replays
All Replays
Popular Replays
Top Player Replays
Match Explorer
How It Works
Community
CoH3 Stats
Reddit
Sign in to upload your games and track your stats! →
Sign in with Steam
2v2 nathen rytsu vs flokl maddie
Match 22779140
Overview
Messages
Build Orders
End
Kettenkrad Recon Vehicle
Construct Infanterie Kompanie
Selects Italian Coastal Battlegroup
Selects Coastal Reserves
Grenadier Squad
Grenadier Squad
MG 42 Machine Gun Team
Selects Artillery Officer
Construct Panzergrenadier Kompanie
Panzergrenadier Squad
Pak 40 Anti-tank Gun Team
Panzergrenadier Officer Quarters
Medical Bunker
Construct Panzer Kompanie
Selects Obice da 210/22 Artillery Emplacement
Panzergrenadier Squad
Panzer IV Medium Tank
Stoßtruppen Squad
Panzer Officer Quarters
Selects Designate Defensive Line
Selects Designated Artillery Overwatch
Panzer IV Medium Tank
Side Skirts
Selects Bulwark
MG 42 Bunker
Panzer IV Medium Tank
Pak 40 Anti-tank Gun Team
Pioneer Squad
MG 42 Bunker
Designated Artillery Overwatch
Medical Bunker
Designated Artillery Overwatch
Panzer IV Medium Tank
MG 42 Bunker
Panzer IV Medium Tank
Panzer IV Medium Tank
FLOKL
𝓂𝒶𝒹𝒹𝒾𝑒
Lady Rytsu
Monsieur Nathan
0
0
Comments
sign in to comment!
No comments posted yet!